 Dungeon Crawl Stone Soup version 0.29-a0-319-gad05b8d819 (webtiles) character file.

Game seed: 13843246867911167768

100450 Morbidden the Thaumaturge (level 15, -6/121 HPs)
             Began as a Demigod Conjurer on Apr 2, 2022.
             Mangled by an ice devil (22 damage)
             ... in an ice cave.
             The game lasted 00:57:49 (28544 turns).

Morbidden the Thaumaturge (Demigod Conjurer)       Turns: 28544, Time: 00:57:50

Health: -6/121     AC: 17    Str: 16    XL:     15   Next: 35%
Magic:  15/35      EV: 17    Int: 32    God:
Gold:   3165       SH:  9    Dex: 12    Spells: 17/37 levels left

rFire   + + .      SeeInvis .   a - +2 demon whip (venom)
rCold   . . .      Faith    .   O - +0 buckler
rNeg    + + .      Spirit   .   A - +1 ring mail of Eghaly {+Inv rC- rCorr Slay+6}
rPois   +          Reflect  +   R - -2 hat of the Alchemist {rElec rPois rF+ rC+ rN+ Will+ rMut rCorr}
rElec   +          Harm     .   n - +2 cloak {rCorr}
rCorr   +          Rampage  .   f - +1 pair of gloves of Calculation {rF+ rN+}
rMut    +                       j - +1 pair of boots
Will    ++...                   I - amulet of reflection
Stlth   ++........              e - +4 ring of evasion
HPRegen 1.10/turn               c - +4 ring of protection
MPRegen 0.24/turn

@: no status effects
A: high MP 1, forlorn, divine attributes, antennae 1, regeneration 1
a: Evoke Invisibility


You were in an ice cave.
You visited 3 branches of the dungeon, and saw 21 of its levels.
You also visited: Bailey, Gauntlet, Ice Cave and Volcano.

You collected 3165 gold pieces.

Inventory:

Hand Weapons
 a - a +2 demon whip of venom (weapon)
 J - a +2 dagger of venom
 W - a +1 eveningstar of flaming
Missiles
 g - 15 javelins
 F - 16 boomerangs (quivered)
Armour
 f - the +1 pair of gloves of Calculation (worn) {rF+ rN+}
   (You found it in a Gauntlet)

   rF:        It protects you from fire.
   rN:        It protects you from negative energy.
 j - a +1 pair of boots (worn)
 n - a +2 cloak of preservation (worn)
 r - a +0 helmet of see invisible
 A - the +1 ring mail of Eghaly (worn) {+Inv rC- rCorr Slay+6}
   (You found it on level 4 of the Dungeon)

   Slay:      It affects your accuracy & damage with ranged weapons and melee
   (+6).
   rC:        It makes you vulnerable to cold.
   +Inv:      It lets you turn invisible.
   rCorr:     It protects you from acid and corrosion.
 L - the +0 cloak "Jits" {rElec}
   (You found it in a Gauntlet)

   rElec:     It insulates you from electricity.
 M - a +2 pair of gloves
 O - a +0 buckler (worn)
 Q - a +2 chain mail of fire resistance
 R - the -2 hat of the Alchemist (worn) {rElec rPois rF+ rC+ rN+ Will+ rMut rCorr}
   (You found it in a Gauntlet)

   rF:        It protects you from fire.
   rC:        It protects you from cold.
   rElec:     It insulates you from electricity.
   rPois:     It protects you from poison.
   rN:        It protects you from negative energy.
   rCorr:     It protects you from acid and corrosion.
   rMut:      It protects you from mutation.
   Will:      It increases your willpower.
 Z - a +3 plate armour of fire resistance
Jewellery
 c - a +4 ring of protection (right hand)
 e - a +4 ring of evasion (left hand)
 o - a ring of protection from fire
 t - a ring of poison resistance
 y - a ring of see invisible
 I - an amulet of reflection (around neck)
Wands
 i - a wand of paralysis (4)
 D - a wand of flame (25)
 H - a wand of charming (3)
 K - a wand of iceblast (6)
 N - a wand of acid (17)
 V - a wand of digging (6)
Scrolls
 k - 3 scrolls of identify
 l - 4 scrolls of teleportation
 u - 5 scrolls of fog
 v - 4 scrolls of enchant armour
 B - a scroll of brand weapon
 G - a scroll of magic mapping
 S - 2 scrolls of holy word {unknown}
 T - a scroll of torment {unknown}
 U - 3 scrolls of noise {unknown}
Potions
 b - 2 potions of magic
 d - 5 potions of curing
 h - 2 potions of might
 m - 3 potions of haste
 p - 7 potions of brilliance
 q - 4 potions of mutation
 w - 3 potions of invisibility
 x - 4 potions of flight
 z - 3 potions of lignification
 C - a potion of ambrosia
 E - 2 potions of resistance
 P - a potion of berserk rage
 X - a potion of attraction
 Y - 2 potions of cancellation
Miscellaneous
 s - a phantom mirror


   Skills:
 * Level 8.1 Fighting
 + Level 5.5 Short Blades
 * Level 7.3 Maces & Flails
 + Level 2.2 Throwing
 * Level 6.8 Armour
 * Level 7.6 Dodging
 + Level 3.1 Stealth
 + Level 3.3 Shields
 * Level 11.5 Spellcasting
 * Level 10.4 Conjurations
 * Level 6.3 Translocations
 * Level 5.8 Fire Magic
 + Level 8.1 Air Magic
 + Level 1.0 Evocations


You had 17 spell levels left.
You knew the following spells:

 Your Spells              Type           Power      Damage    Failure   Level
a - Airstrike             Air            31%        N/A       1%          4
b - Fireball              Conj/Fire      31%        3d13      6%          5
d - Magic Dart            Conj           100%       1d8       1%          1
e - Searing Ray           Conj           100%       2d8       1%          2
x - Flame Wave            Conj/Fire      63%        2d12      1%          4
z - Iskenderun's Mystic   Conj/Tloc      64%        2d13      1%          4

Your spell library contained the following spells:

 Spells                   Type           Power      Damage    Failure   Level
 Apportation              Tloc           100%       N/A       1%          1
 Foxfire                  Conj/Fire      100%       2x1d9     1%          1
 Shock                    Conj/Air       100%       1d9       1%          1
 Conjure Flame            Conj/Fire      63%        6-21      1%          3
 Dazzling Flash           Conj/Hex       100%       N/A       1%          3
 Swiftness                Air            63%        N/A       1%          3
 Iskenderun's Battlesphe  Conj           71%        2d12      2%          5
 Inner Flame              Hex/Fire       37%        N/A       5%          3
 Beastly Appendage        Tmut           36%        N/A       6%          1
 Fulminant Prism          Conj/Hex       25%        3d14      7%          4
 Ensorcelled Hibernation  Hex/Ice        36%        N/A       9%          2
 Passwall                 Tmut/Erth      15%        N/A       9%          2
 Wereblood                Tmut           18%        N/A       9%          2
 Ozocubu's Armour         Ice            18%        N/A       19%         3
 Spider Form              Tmut/Pois      18%        N/A       19%         3
 Conjure Ball Lightning   Conj/Air       33%        3x3d11    21%         6
 Silence                  Hex/Air        22%        N/A       30%         5
 Starburst                Conj/Fire      31%        6d10      32%         6
 Orb of Destruction       Conj           35%        9d10      56%         7
 Agony                    Necr           18%        N/A       86%         5
 Alistair's Intoxication  Tmut/Pois      12%        N/A       86%         5
 Metabolic Englaciation   Hex/Ice        9%         N/A       86%         5
 Simulacrum               Ice/Necr       9%         N/A       100%        6


Dungeon Overview and Level Annotations

Branches:
Dungeon (14/15)            Temple (0/1) D:5            Lair (6/6) D:10
  Swamp (0/4) Lair:3       Spider (1/4) Lair:3        Slime (0/5) Lair:6
    Orc (0/2) D:11         Bailey (visited)           IceCv (1/1)
Volcano (visited)         Gauntlet (visited)
 Vaults: D:13-14

Portals:
Hell: Lair:6

Annotations:
D:8 1 runed translucent door, ouz's ghost, novice OpBr
Lair:3 3 runed translucent doors, Onkuvak's ghost, journeyman TrMo


Innate Abilities, Weirdness & Mutations

You have an increased reservoir of magic. (+10% MP)
You shall have no god before yourself.
Your divine heritage dramatically boosts your attributes as you level up.
You have a pair of small antennae on your head.
Your natural rate of healing is unusually fast.


Message History

The flame wave engulfs the dire elephant simulacrum!
The dire elephant simulacrum melts!
The dire elephant simulacrum is heavily damaged.
The flame wave engulfs the entropy weaver simulacrum!
The entropy weaver simulacrum melts!
The entropy weaver simulacrum is moderately damaged.
The flame wave engulfs the ice devil!
The ice devil is burned terribly!
The ice devil is lightly wounded.
The flame wave engulfs the cane toad simulacrum!
The cane toad simulacrum melts!
The cane toad simulacrum is severely damaged.
The flame wave engulfs the cane toad simulacrum.
The cane toad simulacrum melts!
The cane toad simulacrum is moderately damaged.
You finish channelling waves of flame.
The dire elephant simulacrum misses you.
You block the dire elephant simulacrum's attack.
You block the ice devil's attack.
Unknown command.
Casting: Flame Wave (mildly dangerous; 1% risk of failure)
Confirm with . or Enter, or press ? or * to list all spells.
Casting: Flame Wave (mildly dangerous; 1% risk of failure)
Press: ? - help, Dir - look around, f - activate A wave of flame ripples out!
The flame wave engulfs the ice devil.
The ice devil is burned terribly!
The ice devil is heavily wounded.
The flame wave engulfs the ice devil.
The ice devil is burned terribly!
The ice devil is moderately wounded.
The flame wave engulfs the dire elephant simulacrum!!
The dire elephant simulacrum melts!
The dire elephant simulacrum is almost destroyed. (Press . to intensify the flame waves.)
You block the dire elephant simulacrum's attack.
The dire elephant simulacrum trunk-slaps you!
The dire elephant simulacrum freezes you!!!
* * * LOW HITPOINT WARNING * * *
You block the ice devil's attack. The ice devil hits you.
* * * LOW HITPOINT WARNING * * *
The ice devil freezes you!!
You die...

..... ..... ._....
...... .....8#####
{ .....ZZ#..##
.....Z4#...##
#.Z@.#..# ##4..#..#
##.##..# #####
###..## ##...##
##..###### #.....#
#..## #[.#
##..#..####..###".#
##...##..#
##..#8..##
##...####.##
##......#


You could see 2 ice devils, a dire elephant simulacrum, 2 cane toad simulacra
and an entropy weaver simulacrum.

Vanquished Creatures
  Kirke (Lair:6)
  A quicksilver ooze (Gauntlet)
  A minotaur (Gauntlet)
  Josephine (D:9)
  2 boulder beetles
  13 hydras
  3 two-headed ogres
  A death yak (Lair:6)
  3 centaur warriors (D:14)
  An orc high priest (Bailey)
  Amaemon (Lair:1)
  Sonja (D:11)
  A fire crab (Gauntlet)
  A sixfirhy (Lair:6)
  A deep troll (Lair:5)
  An ugly thing (IceCv)
  3 cyclopes
  A manticore (D:6)
  Joseph (D:8)
  4 black mambas
  4 salamanders (Volcano)
  A moth of wrath (Gauntlet)
  6 elephants (Lair:4)
  A smoke demon (Lair:6)
  A gargoyle (D:8)
  An unseen horror (D:12)
  17 cane toads
  2 kobold demonologists
  2 orange demons
  7 rime drakes
  5 komodo dragons
  An entropy weaver simulacrum (IceCv)
  9 ice devils
  3 freezing wraiths (IceCv)
  2 anaconda simulacra (IceCv)
  A red devil (Lair:6)
  3 trolls
  6 polar bears
  4 slime creatures (D:12)
  A tyrant leech (Lair:3)
  26 blink frogs
  4 dream sheep (Lair:6)
  2 centaur simulacra (D:11)
  52 yaks
  A shadow (D:12)
  8 wyverns
  8 wraiths
  A dire elephant simulacrum (IceCv)
  3 fire bats
  Eustachio (D:5)
  8 basilisks
  5 hogs (Lair:6)
  3 steam dragons (D:9)
  5 vampire mosquitoes
  2 death yak simulacra (IceCv)
  2 swamp worms (Lair:3)
  A harpy simulacrum (IceCv)
  4 redbacks (Gauntlet)
  2 acid dragons (D:9)
  15 water moccasins
  7 hell hounds
  A swamp drake (D:11)
  4 ice beasts
  11 orc warriors
  2 black bears
  25 wolves
  2 ogres
  7 centaurs
  5 phantoms
  2 kobold brigands (D:12)
  4 scorpions
  A two-headed ogre simulacrum (IceCv)
  12 bullfrogs
  2 gnoll sergeants (D:9)
  3 cane toad simulacra (IceCv)
  2 necrophages (D:5)
  15 wights
  21 killer bees
  3 elephant simulacra (IceCv)
  6 electric eels
  8 howler monkeys
  3 jellies
  8 hounds
  8 orc priests
  2 gnoll shamans
  5 iguanas
  14 orc wizards
  A polar bear simulacrum (IceCv)
  4 wolf simulacra (IceCv)
  Robin (D:2)
  8 adders
  16 gnolls
  2 naga simulacra (IceCv)
  8 white imps
  4 ufetubi
  4 worms
  3 dart slugs
  45 orcs
  6 ball pythons
  9 endoplasms
  3 giant cockroaches
  26 goblins
  19 hobgoblins
  3 jackals (D:2)
  3 quokkas
  2 bats
  3 frilled lizards
  7 kobolds
  7 rats
  A spectral hobgoblin (D:1)
640 creatures vanquished.

Vanquished Creatures (others)
  A wizard (Lair:6)
  37 fungi
  44 plants
82 creatures vanquished.

Grand Total: 722 creatures vanquished

Notes
Turn   | Place    | Note
-------+----------+-------------------------------------------
     0 | D:1      | Morbidden the Demigod Conjurer began the quest for the Orb.
     0 | D:1      | Reached XP level 1. HP: 14/14 MP: 5/5
   423 | D:1      | Reached XP level 2. HP: 20/20 MP: 2/7
   998 | D:1      | Learned a level 2 spell: Searing Ray
  1461 | D:2      | Reached XP level 3. HP: 27/27 MP: 2/8
  1725 | D:2      | Reached skill level 2 in Spellcasting
  2145 | D:2      | Reached XP level 4. HP: 34/34 MP: 5/9
  2468 | D:2      | Noticed Robin
  2475 | D:2      | Killed Robin
  2476 | D:2      | Reached skill level 1 in Fighting
  2477 | D:2      | Reached skill level 5 in Conjurations
  3280 | D:3      | Reached XP level 5. HP: 40/40 MP: 7/11
  3354 | D:3      | Reached skill level 3 in Spellcasting
  3938 | D:4      | Reached XP level 6. HP: 34/47 MP: 1/14
  4335 | D:4      | Identified the +1 ring mail of Eghaly {+Inv rC- rCorr
                  | Slay+6}
  4825 | D:5      | Entered Level 5 of the Dungeon
  4835 | D:5      | Reached skill level 4 in Spellcasting
  4835 | D:5      | Reached XP level 7. HP: 53/53 MP: 11/16
  4870 | D:5      | Found a staircase to the Ecumenical Temple.
  5719 | D:5      | Noticed Eustachio
  5749 | D:5      | Killed Eustachio
  5750 | D:5      | Reached skill level 1 in Throwing
  6023 | D:6      | Reached skill level 1 in Armour
  6027 | D:6      | Reached XP level 8. HP: 62/63 MP: 11/19
  6161 | D:6      | Reached skill level 5 in Spellcasting
  6296 | D:6      | Reached skill level 1 in Short Blades
  6490 | D:6      | Learned a level 4 spell: Airstrike
  6495 | D:6      | Learned a level 4 spell: Iskenderun's Mystic Blast
  6573 | D:6      | Reached skill level 1 in Air Magic
  7185 | D:6      | Noticed a manticore
  7190 | D:6      | Gained mutation: You have a pair of small antennae on your
                  | head. [potion of mutation]
  7190 | D:6      | Gained mutation: Your natural rate of healing is unusually
                  | fast. [potion of mutation]
  7205 | D:6      | Killed a manticore
  7456 | D:6      | Reached XP level 9. HP: 70/70 MP: 16/21
  7523 | D:7      | Reached skill level 6 in Spellcasting
  7676 | D:7      | Reached skill level 1 in Translocations
  8477 | D:8      | Noticed a two-headed ogre
  8718 | D:8      | Found a runed translucent door.
  8719 | D:8      | Noticed a centaur warrior
  8720 | D:8      | Noticed ouz's ghost (novice OpBr)
  8785 | D:8      | Killed a two-headed ogre
  8924 | D:8      | Noticed Joseph
  8948 | D:8      | Killed Joseph
  8949 | D:8      | Reached XP level 10. HP: 59/79 MP: 24/24
  9977 | D:9      | Found a flagged portal.
 10119 | Bailey   | Entered a bailey
 10597 | Bailey   | Acquired 1046 gold pieces
 10635 | Bailey   | Noticed an orc high priest
 10637 | Bailey   | Noticed a sixfirhy
 10642 | Bailey   | Noticed a soul eater
 10644 | Bailey   | Reached skill level 7 in Spellcasting
 10788 | Bailey   | Killed an orc high priest
 10846 | Bailey   | Acquired the amulet "Arphuvush" {Spirit Contam rElec Will+
                  | SInv}
 10875 | Bailey   | Identified the +0 leather armour of Vampiric Thralls {-Tele
                  | rPois Str+3 Int+2}
 11212 | D:9      | Reached skill level 1 in Shields
 11222 | D:9      | Reached skill level 5 in Fighting
 11431 | D:9      | Learned a level 4 spell: Flame Wave
 11564 | D:9      | Reached skill level 5 in Dodging
 11575 | D:9      | Reached XP level 11. HP: 76/86 MP: 0/26
 12529 | D:10     | Entered Level 10 of the Dungeon
 12547 | D:9      | Reached skill level 1 in Fire Magic
 12549 | D:10     | Noticed Josephine
 13127 | D:9      | Killed Josephine
 13128 | D:9      | Reached skill level 5 in Short Blades
 14068 | D:10     | Found a staircase to the Lair.
 14141 | D:10     | Learned a level 5 spell: Fireball
 14142 | Lair:1   | Entered Level 1 of the Lair of Beasts
 14394 | Lair:1   | Noticed Amaemon
 14646 | Lair:1   | Reached skill level 5 in Air Magic
 15058 | Lair:1   | Killed Amaemon
 15353 | Lair:2   | You fall into a shaft and drop 2 floors!
 15406 | Lair:4   | Reached skill level 1 in Maces & Flails
 15547 | Lair:3   | Reached skill level 8 in Spellcasting
 15561 | Lair:3   | Noticed a boulder beetle
 15563 | Lair:3   | Found a runed translucent gate.
 15563 | Lair:3   | Found a runed translucent gate.
 15563 | Lair:3   | Found a runed translucent gate.
 15563 | Lair:3   | Noticed Onkuvak's ghost (journeyman TrMo)
 15563 | Lair:3   | Noticed a great orb of eyes
 15593 | Lair:3   | Reached XP level 12. HP: 34/95 MP: 19/28
 15632 | Lair:3   | Found a dark tunnel.
 15632 | Lair:3   | Found a hole to the Spider Nest.
 15655 | Volcano  | Entered a volcano
 15676 | Volcano  | Noticed a two-headed ogre
 15715 | Volcano  | Killed a two-headed ogre
 15716 | Volcano  | Reached skill level 5 in Translocations
 16212 | Lair:3   | Killed a boulder beetle
 16241 | Lair:3   | Reached skill level 1 in Evocations
 16890 | Lair:3   | Noticed an eight-headed hydra
 16896 | Lair:3   | Reached skill level 5 in Armour
 16897 | Lair:3   | Killed an eight-headed hydra
 16959 | Lair:3   | Noticed a five-headed hydra
 16965 | Lair:3   | Killed a five-headed hydra
 17039 | Lair:3   | Found a staircase to the Swamp.
 17233 | Lair:3   | Noticed a four-headed hydra
 17305 | Lair:3   | Killed a four-headed hydra
 18038 | Lair:2   | Noticed a seven-headed hydra
 18049 | Lair:2   | Killed a seven-headed hydra
 18054 | Lair:2   | Reached skill level 5 in Maces & Flails
 18453 | Lair:2   | Noticed a four-headed hydra
 18459 | Lair:2   | Killed a four-headed hydra
 18460 | Lair:2   | Reached XP level 13. HP: 104/104 MP: 10/30
 18839 | Spider:1 | Entered Level 1 of the Spider Nest
 19862 | Lair:4   | Reached skill level 10 in Spellcasting
 19862 | Lair:4   | Reached XP level 14. HP: 111/111 MP: 30/33
 21876 | Lair:6   | Entered Level 6 of the Lair of Beasts
 21912 | Lair:6   | Reached skill level 10 in Conjurations
 21976 | Lair:6   | Noticed Kirke
 22051 | Lair:6   | Killed Kirke
 22119 | Lair:6   | Found a staircase to the Slime Pits.
 22159 | Lair:6   | Found a gate leading to a gauntlet.
 22171 | Gauntlet | Entered a Gauntlet
 22171 | Gauntlet | Found a large runed translucent door.
 22171 | Gauntlet | Found a large runed translucent door.
 22171 | Gauntlet | Found a large runed translucent door.
 22171 | Gauntlet | Found a large runed translucent door.
 22171 | Gauntlet | Found a runed translucent door.
 22171 | Gauntlet | Found a large runed translucent door.
 22171 | Gauntlet | Found a large runed translucent door.
 22171 | Gauntlet | Found a transporter.
 22171 | Gauntlet | Found a transporter.
 22171 | Gauntlet | Found a large runed translucent door.
 22171 | Gauntlet | Found a large runed translucent door.
 22171 | Gauntlet | Found a runed translucent gate.
 22171 | Gauntlet | Found a runed translucent gate.
 22171 | Gauntlet | Found a transporter.
 22171 | Gauntlet | Found a transporter.
 22292 | Gauntlet | Found a transporter.
 22293 | Gauntlet | Found a runed translucent gate.
 22293 | Gauntlet | Found a runed translucent door.
 22293 | Gauntlet | Found the -2 hat of the Alchemist {rElec rPois rF+ rC+ rN+
                  | Will+ rMut rCorr}
 22297 | Gauntlet | Found a large runed translucent door.
 22297 | Gauntlet | Found a large runed translucent door.
 22302 | Gauntlet | Found a transporter.
 22312 | Gauntlet | Found a transporter.
 22322 | Gauntlet | Found a transporter.
 22367 | Gauntlet | Found a large runed translucent door.
 22367 | Gauntlet | Found a large runed translucent door.
 22370 | Gauntlet | Found a large runed translucent door.
 22370 | Gauntlet | Found a large runed translucent door.
 22371 | Gauntlet | Found a large runed translucent door.
 22372 | Gauntlet | Found a large runed translucent door.
 22412 | Gauntlet | Found a transporter.
 22426 | Gauntlet | Found a transporter.
 22428 | Gauntlet | Found a transporter.
 22438 | Gauntlet | Found a transporter.
 22699 | Gauntlet | Identified the +1 pair of gloves of Calculation {rF+ rN+}
 22752 | Gauntlet | Identified the +0 cloak "Jits" {rElec}
 22953 | Lair:6   | Reached skill level 5 in Fire Magic
 22960 | Lair:6   | Reached skill level 11 in Spellcasting
 24045 | Lair:6   | Found a gateway to Hell.
 24381 | D:11     | Noticed Sonja
 24392 | D:11     | Killed Sonja
 24595 | D:11     | Reached XP level 15. HP: 121/121 MP: 5/35
 25142 | D:11     | Found a staircase to the Orcish Mines.
 26518 | D:12     | Identified the ring of Myt Riwo {Ice +Blink Str+9 Int-3
                  | Dex+4}
 26985 | D:12     | You fall into a shaft and drop 2 floors!
 27520 | D:13     | Found a frozen archway.
 27554 | IceCv    | Entered an ice cave
 28544 | IceCv    | Mangled by an ice devil

Illustrated notes

Levels and vault maps discovered:
D:1:      dpeg_arrival_chambers_temple_mockup, layout_basic,
          dreamdust_ecumenical_altar_drowned_temple
D:2:      layout_rooms, minmay_tiny_reverse_x, uniq_terence, uniq_robin
D:3:      layout_basic
D:4:      layout_basic, grunt_decor_mini_mirrors
D:5:      layout_loops_ring, minmay_temple_entry_tees, minmay_fractal_squares_5,
          uniq_eustachio
D:6:      minmay_chambers_of_sixes, layout_cave_pods
D:7:      layout_cave_pools
D:8:      layout_basic, tso_metal_star, ebering_ghost_inner_flame, uniq_joseph
D:9:      minmay_four_partial_circles, layout_basic, serial_aquarium,
          aquarium_bridge_long_joined [aquarium_subvault_window,
          aquarium_subvault_bridge, aquarium_subvault_bridge,
          aquarium_subvault_window, aquarium_subvault_window,
          aquarium_subvault_balcony], aquarium_window_2, aquarium_window_2,
          aquarium_window_corridor_3, aquarium_window_2, aquarium_view_2a,
          aquarium_view_2d, aquarium_pool_double, enter_bailey_5, st_stairs_14,
          nrook_campfire
D:10:     layout_big_octagon, erik_lair_island, uniq_josephine
D:11:     layout_layer_cave, erik_orc_1, serial_ice, serial_ice_o, serial_ice_d,
          serial_ice_m, serial_ice_b, serial_ice_n, serial_ice_l, serial_ice_e,
          serial_ice_g, nicolae_uskayaw_en_pointe, uniq_sonja
D:12:     layout_irregular_city
D:13:     layout_loops_corners, serial_ice, serial_ice_c, serial_ice_g,
          serial_ice_j, serial_ice_h, portal_ice_cave_rime
D:14:     layout_cave_pools, lightli_vaults_fourway_checkpoint,
          gammafunk_ghost_necromancy, serial_park_square2
Lair:1:   layout_cave_pods, basic_altar, uniq_amaemon
Lair:2:   layout_gridlike
Lair:3:   layout_gridlike, palyth_hydra_swamp_entry, dummy_spider_entry,
          gammafunk_ghost_ooze, enter_volcano_2, grunt_forest_stairs_basic
Lair:4:   layout_cellular_growth
Lair:5:   dreamdust_cave_troll, layout_hall_layers, lemuel_fruit_tree,
          grunt_megastairs_5
Lair:6:   evil_forest, layout_regular_city, slime_altar_1,
          gauntlet_entry_generic, uniq_kirke
Spider:1: layout_spider_delve, uniq_azrael
IceCv:    ice_cave_small_necro

Skill      XL: |  1  2  3  4  5  6  7  8  9 10 11 12 13 14 15 |
---------------+----------------------------------------------+-----
Conjurations   | 4 5 6 7 8 9 10 | 10.4
Stealth        | 2 3 |  3.1
Dodging        | 2 3 4 5 6 7 |  7.6
Spellcasting   | 2 3 4 5 6 7 8 10 11 | 11.5
Fighting       | 1 3 4 5 6 7 8 |  8.1
Throwing       | 1 2 |  2.2
Armour         | 1 2 3 4 5 6 |  6.8
Short Blades   | 1 3 4 5 |  5.5
Air Magic      | 2 3 4 5 6 7 8 |  8.1
Translocations | 2 3 4 5 6 |  6.3
Shields        | 1 2 3 |  3.3
Fire Magic     | 2 4 5 |  5.8
Maces & Flails | 1 5 6 7 |  7.3
Evocations     | 1 |  1.0

Action                   |  1- 3 |  4- 6 |  7- 9 | 10-12 | 13-15 || total
-------------------------+-------+-------+-------+-------+-------++-------
Melee: Dagger            |    10 |    13 |    54 |   225 |       ||   302
       Rapier            |       |       |    43 |       |       ||    43
       Punch             |       |       |       |     5 |     4 ||     9
       Demon whip        |       |       |       |   170 |   407 ||   577
Throw: Javelin           |       |     9 |    13 |     3 |       ||    25
       Boomerang         |       |       |       |    16 |     8 ||    24
 Cast: Magic Dart        |    94 |    98 |    94 |    81 |       ||   367
       Searing Ray       |     1 |    12 |    46 |    61 |       ||   120
       Iskenderun's Myst |       |       |     6 |    40 |    44 ||    90
       Airstrike         |       |       |       |    38 |   146 ||   184
       Flame Wave        |       |       |       |    40 |    23 ||    63
       Fireball          |       |       |       |     1 |    32 ||    33
Evoke: Wand              |       |       |       |     6 |     2 ||     8
  Use: Scroll            |       |       |     8 |    10 |    10 ||    28
       Potion            |       |       |     3 |     4 |     8 ||    15
 Stab: Sleeping          |       |     1 |       |       |       ||     1
Armor: Robe              |     3 |     8 |       |       |       ||    11
       Ring mail         |       |     1 |    85 |   233 |   244 ||   563
       Leather armour    |       |       |       |     8 |       ||     8
       Chain mail        |       |       |       |     2 |       ||     2
       Plate armour      |       |       |       |       |    26 ||    26
       Skin              |       |       |       |       |     5 ||     5
Dodge: Dodged            |    16 |    43 |   174 |   483 |   413 ||  1129
Block: Other             |       |       |    16 |   145 |    65 ||   226
       Reflection        |       |       |       |     5 |    11 ||    16
       Buckler           |       |       |       |       |   129 ||   129

Table legend: (Time is in decaauts)
 A = Elapsed time spent in this place.
 B = Non-inter-level travel time spent in this place.
 C = Inter-level travel time spent in this place.
 D = Time resting spent in this place.
 E = Time spent auto-exploring this place.
 F = Levels seen in this place.
 G = Mean time per level.
                   A        B        C        D        E       F      G
               +--------+--------+--------+--------+--------+-----+--------+
         Total |  28458 |  27743 |    715 |   2864 |  19957 |  25 | 1138.3 |
       Dungeon |  16331 |  16002 |    329 |   1509 |  12096 |  14 | 1166.5 |
          Lair |   8785 |   8449 |    336 |    367 |   6468 |   6 | 1464.2 |
   Spider Nest |    120 |     70 |     50 |      0 |     64 |   1 |  120.0 |
        Bailey |    985 |    985 |      0 |    104 |    612 |   1 |  985.0 |
      Ice Cave |    987 |    987 |      0 |    472 |    428 |   1 |  987.0 |
       Volcano |    497 |    497 |      0 |    122 |    132 |   1 |  497.0 |
      Gauntlet |    750 |    750 |      0 |    289 |    157 |   1 |  750.0 |
               +--------+--------+--------+--------+--------+-----+--------+

Top non-repeatable levels by time:
     D:9: 2493 daAuts
  Lair:4: 1937 daAuts
  Lair:3: 1657 daAuts
    D:11: 1656 daAuts
  Lair:6: 1556 daAuts
     D:6: 1522 daAuts
     D:2: 1438 daAuts
     D:8: 1346 daAuts
  Lair:2: 1264 daAuts
     D:1: 1263 daAuts
  Lair:1: 1233 daAuts
     D:5: 1163 daAuts
  Lair:5: 1136 daAuts
     D:3: 1089 daAuts
     D:4: 1043 daAuts
